 Dungeon Crawl Stone Soup version 0.31-a0-23-gcbde74481b (webtiles) character file.

Game seed: 8727356595861575578

805 Gazerockf the Trooper (level 7, -6/57 HPs)
             Began as a Minotaur Monk on May 13, 2023.
             Was a Believer of Hepliaklqana.
             Killed by divine providence
             ... invoked by an orc priest
              (13 damage)
             ... on level 5 of the Dungeon.
             The game lasted 00:09:58 (4898 turns).

Gazerockf the Trooper (Minotaur Monk)               Turns: 4898, Time: 00:09:58

Health: -6/57      AC:  5    Str: 16    XL:     7   Next: 60%
Magic:  6/6        EV: 13    Int:  7    God:    Hepliaklqana [**....]
Gold:   245        SH:  0    Dex: 12    Spells: 6/6 levels left

rFire   . . .        c - +3 flail (holy)
rCold   + . .        d - orb {light}
rNeg    . . .        f - +0 leather armour {rC+}
rPois   .            (helmet unavailable)
rElec   .            (no cloak)
rCorr   .            u - +1 pair of gloves {infuse}
SInv    .            (no boots)
Will    +....        i - amulet of faith
Stlth   +            (no ring)
HPRegen 0.29/turn    (no ring)
MPRegen 0.10/turn

%: faith, infuse magic (1 MP)
@: glowing, unable to drink, very slow
A: reduced essence, horns 3, retaliatory headbutt, strong-willed 1, weak 1,
inability to drink after injury 1
a: Renounce Religion, Recall Ancestor, Ancestor Identity


You were on level 5 of the Dungeon.
You worshipped Hepliaklqana.
Hepliaklqana was pleased with you.
You visited 2 branches of the dungeon, and saw 6 of its levels.

You collected 245 gold pieces.

Inventory:

Hand Weapons
 a - a +0 mace
 c - a +3 flail of holy wrath (weapon)
Missiles
 y - a throwing net (quivered)
Armour
 b - a +0 robe
 d - an orb of light (worn)
 f - a +0 leather armour of cold resistance (worn)
 u - a +1 pair of gloves of infusion (worn)
 w - a +2 pair of gloves
Jewellery
 i - an amulet of faith (around neck)
 r - a ring of protection from cold
Wands
 x - a wand of iceblast (4)
Scrolls
 e - 2 scrolls of immolation {unknown}
 g - a scroll of identify {unknown}
 m - 2 scrolls of noise {unknown}
 o - a scroll of magic mapping {unknown}
 q - 2 scrolls of amnesia {unknown}
 s - a scroll of enchant armour {unknown}
 t - 2 scrolls of fear {unknown}
 v - 2 scrolls of butterflies {unknown}
 A - a scroll of vulnerability {unknown}
Potions
 h - a potion of mutation
 j - 2 potions of brilliance {unknown}
 k - a potion of degeneration {unknown}
 l - 4 potions of heal wounds {unknown}
 n - a potion of flight {unknown}
 p - 2 potions of invisibility {unknown}
 z - a potion of lignification {unknown}
 B - a potion of might {unknown}


   Skills:
 + Level 6.9 Fighting
 + Level 6.9 Maces & Flails
 + Level 6.3 Dodging


You had 6 spell levels left.
You didn't know any spells.
Your spell library contained the following spells:

 Spells                   Type           Power      Damage    Failure   Level
 Ensorcelled Hibernation  Hex/Ice        0%         N/A       65%         2
 Lesser Beckoning         Tloc           0%         N/A       65%         2
 Passwall                 Tmut/Erth      0%         N/A       65%         2
 Gell's Gravitas          Tloc           0%         N/A       86%         3
 Spider Form              Tmut/Pois      0%         N/A       86%         3
 Stone Arrow              Conj/Erth      0%         3d7       86%         3
 Swiftness                Air            0%         N/A       86%         3
 Teleport Other           Tloc           0%         N/A       86%         3
 Anguish                  Hex/Necr       0%         N/A       99%         4
 Animate Armour           Summ/Erth      0%         N/A       99%         4
 Lehudib's Crystal Spear  Conj/Erth      0%         10d2      100%        8


Dungeon Overview and Level Annotations

Branches:
Dungeon (5/15)             Temple (1/1) D:4

Altars:
Ashenzari
Cheibriados
Elyvilon
Fedhas
Gozag
Hepliaklqana
Kikubaaqudgha
Makhleb
Nemelex Xobeh
Okawaru
Qazlal
Ru
Sif Muna
Trog
Uskayaw
Vehumet
Xom
Yredelemnul
Zin
The Shining One

Shops:
D:4 (!


Innate Abilities, Weirdness & Mutations

Your life essence is reduced to manifest your ancestor. (-10% HP)
You have a pair of large horns on your head.
You reflexively headbutt those who attack you in melee.
You are strong-willed. (Will+)
You are weak. (Str -2)
You occasionally lose the ability to drink potions when taking damage.


Message History

The hound bites you.
You sock the hound!
The hound is heavily wounded.
The hound bites you.
Mbali points at the hound and mumbles some strange words.
The hound resists with significant effort.
Mbali hits the hound with a +0 dagger of draining.
Mbali drains the hound.
The hound dies!
You now have 245 gold pieces (gained 14).
You enter the shallow water.
Moving in this stuff is going to be slow.
An ogre comes into view. It is wielding a +0 giant club.
The ogre shouts!
An ogre is nearby!
An orc priest comes into view. It is wielding a +0 hand axe.
An orc wizard comes into view. It is wielding a +0 dagger.
The ogre hits you with a +0 giant club!!
A scorpion comes into view.
Mbali closely misses the ogre.
An orc comes into view. It is wielding a +0 mace of holy wrath.
Mbali hits the ogre with a +0 dagger of draining!
The ogre hits you with a +0 giant club!!
You feel threatened and lose the ability to drink potions!
* * * LOW HITPOINT WARNING * * *
Why would you want to do that? Why would you want to do that?
Mbali gestures at the ogre while chanting.
The ogre resists with some effort.
Mbali hits the ogre with a +0 dagger of draining.
The ogre closely misses you.
Mbali hits the ogre with a +0 dagger of draining.
Mbali points at the ogre and mumbles some strange words.
The ogre appears confused.
The ogre screams, "I'll kill you anyway!"
The ogre hits Mbali with a +0 giant club!
Mbali hits the ogre with a +0 dagger of draining.
The orc priest mumbles some strange prayers to Beogh against you.
Beogh smites you!
You die...

.8# ##### .~### ##~~~~#
.~~~#### ###~~~≈≈~#
.≈≈~~~~##### ####~~~≈≈≈≈~.
.≈≈≈≈≈~~~~~####~~~~≈≈≈≈~~..
.~~≈≈≈≈≈≈≈~~~~~~≈≈≈≈≈~~~...
.8~~~~≈≈≈≈≈≈≈≈≈≈≈≈R~s~.....
.8...~~~~~≈≈≈≈≈≈~~~Oooo....
........#~~~~~~~@###.......
...####.........## .......
...# #.........## ...####
..##
##..........#######..## .##
##.............####.._∩# .#
#..>..........###.†.†.## ##
##............###.R#..## #
#............###..##### #
##............# ##..###


You could see the friendly Mbali the hexer, an ogre (confused, ally target), a
scorpion, an orc priest, an orc wizard and an orc.

Vanquished Creatures
  Grinder (D:3)
  An ice beast (D:5)
  A hound (D:5)
  An orc priest (D:5)
  2 jellies (D:5)
  2 iguanas (D:5)
  Jessica (D:2)
  Terence (D:2)
  An orc wizard (D:5)
  10 adders
  2 worms (D:2)
  7 orcs
  13 bats
  5 endoplasms
  A giant cockroach (D:2)
  6 hobgoblins
  8 kobolds
  7 quokkas
  4 ball pythons
  3 frilled lizards
  7 goblins
  10 rats
94 creatures vanquished.

Vanquished Creatures (collateral kills)
  A gnoll bouda (D:5)
  A hound (D:5)
  3 gnolls (D:5)
  An orc (D:5)
6 creatures vanquished.

Grand Total: 100 creatures vanquished

Notes
Turn   | Place    | Note
-------+----------+-------------------------------------------
     0 | D:1      | Gazerockf the Minotaur Monk began the quest for the Orb.
     0 | D:1      | Reached XP level 1. HP: 19/19 MP: 0/0
   103 | D:1      | Found a faded altar of an unknown god.
   121 | D:1      | Reached XP level 2. HP: 27/27 MP: 1/1
   610 | D:1      | Reached XP level 3. HP: 33/33 MP: 2/2
  1122 | D:2      | Noticed Terence
  1136 | D:2      | Gained mutation: You are strong-willed. (Will+) [potion of
                  | mutation]
  1136 | D:2      | Gained mutation: You occasionally lose the ability to drink
                  | potions when taking damage. [potion of mutation]
  1136 | D:2      | Gained mutation: You are weak. (Str -2) [potion of
                  | mutation]
  1136 | D:2      | Gained mutation: You have a pair of large horns on your
                  | head. [potion of mutation]
  1139 | D:2      | Killed Terence
  1140 | D:2      | Reached XP level 4. HP: 11/41 MP: 3/3
  1403 | D:2      | Noticed Jessica
  1406 | D:2      | Killed Jessica
  2206 | D:3      | Found a sparkling altar of Nemelex Xobeh.
  2549 | D:3      | Noticed Grinder
  2578 | D:3      | HP: 2/41 [Grinder/nerve-wracking pain (13)]
  2579 | D:3      | Killed Grinder
  2580 | D:3      | Reached skill level 5 in Fighting
  2580 | D:3      | Reached skill level 5 in Maces & Flails
  2580 | D:3      | Reached skill level 5 in Dodging
  2580 | D:3      | Reached XP level 5. HP: 3/50 MP: 4/4
  2580 | D:3      | Reached XP level 6. HP: 3/57 MP: 5/5
  2857 | D:3      | Found a shimmering altar of Xom.
  2898 | D:3      | Found a radiant altar of Vehumet.
  3066 | D:4      | Found a shimmering blue altar of Sif Muna.
  3403 | D:4      | Found Mucsaqis's Distillery.
  3592 | D:4      | Found a staircase to the Ecumenical Temple.
  3602 | Temple   | Entered the Ecumenical Temple
  3625 | Temple   | Became a worshipper of Hepliaklqana the Forgotten
  3625 | Temple   | Reached * piety under Hepliaklqana
  3625 | Temple   | Reached ** piety under Hepliaklqana
  3628 | Temple   | Remembered your ancestor Mbali as a hexer
  3768 | D:4      | Found Heasofis's Antique Weapon Shoppe.
  3954 | D:5      | Entered Level 5 of the Dungeon
  3954 | D:5      | Noticed an ice beast
  3961 | D:5      | Killed an ice beast
  4051 | D:5      | Reached XP level 7. HP: 56/56 MP: 4/6
  4307 | D:5      | Found a burning altar of Makhleb.
  4406 | D:5      | Found an iron altar of Okawaru.
  4530 | D:5      | Found a glowing golden altar of the Shining One.
  4898 | D:5      | Killed from afar by an orc priest

Illustrated notes

Levels and vault maps discovered:
D:1:      sevenhm_arrival_forest_fort_small_4, layout_basic,
          chequers_ecumenical_altar_island
D:2:      layout_loops_ring, nrook_mini_backslash, minivault_27, nicolae_titane,
          uniq_jessica, uniq_terence
D:3:      layout_basic, mainiacjoe_overflow_two_lobes,
          mainiacjoe_overflow_alcove_2, serial_co_window_serial,
          co_window_of_opportunity_a, co_window_corner_a, co_window_corner_a,
          co_window_paths_b, co_window_of_opportunity_a, co_window_paths_a,
          co_window_2corner, co_window_of_opportunity_b, co_window_broadway_b,
          co_window_corner_cb, co_window_of_opportunity_c, co_window_broadway_a,
          co_window_broadway_a, glass_columns_c, glass_columns_b,
          glass_columns_b, uniq_grinder
D:4:      layout_loops_cross, mainiacjoe_overflow_cross_hatched,
          minmay_temple_entry_antechambers, serial_shops,
          nicolae_lakefront_shop, nicolae_shop_industrial_runoff,
          grunt_decor_arrowhead, roderic_batcave,
          chequers_serial_rivers_micro_d, chequers_serial_rivers_micro_e,
          hangedman_abyss_or_decor_stabs
D:5:      wander_river, layout_cave_pods, lemuel_tele_altar,
          makhleb_blood_cavern_becter, mainiacjoe_overflow_catwalk
Temple:   nicolae_temple_ecumenical_triangle

Skill      XL: |  1  2  3  4  5  6  7 |
---------------+----------------------+-----
Fighting       | 4 5 6 |  6.9
Maces & Flails | 4 5 6 |  6.9
Dodging        | 4 5 6 |  6.3

Action                     |  1- 3 |  4- 6 |  7- 9 || total
---------------------------+-------+-------+-------++-------
  Melee: Mace              |    63 |       |       ||    63
         Headbutt          |    10 |    10 |     5 ||    25
         Flail             |       |    62 |    22 ||    84
 Invoke: Ancestor Life: He |       |     1 |       ||     1
    Use: Potion            |     3 |       |       ||     3
   Stab: Distracted        |       |       |     1 ||     1
 Armour: Robe              |     2 |       |       ||     2
         Leather armour    |    12 |    16 |     9 ||    37
  Dodge: Dodged            |    48 |    58 |    14 ||   120

Table legend: (Time is in decaauts)
 A = Elapsed time spent in this place.
 B = Non-inter-level travel time spent in this place.
 C = Inter-level travel time spent in this place.
 D = Time resting spent in this place.
 E = Time spent auto-exploring this place.
 F = Levels seen in this place.
 G = Mean time per level.
                   A        B        C        D        E       F      G
               +--------+--------+--------+--------+--------+-----+--------+
         Total |   4942 |   4872 |     70 |    282 |   3732 |   6 |  823.7 |
       Dungeon |   4891 |   4821 |     70 |    282 |   3732 |   5 |  978.2 |
        Temple |     50 |     50 |      0 |      0 |      0 |   1 |   50.0 |
               +--------+--------+--------+--------+--------+-----+--------+

Top non-repeatable levels by time:
     D:3: 1189 daAuts
     D:1: 1014 daAuts
     D:5: 954 daAuts
     D:4: 901 daAuts
     D:2: 831 daAuts
  Temple: 50 daAuts
